 Dungeon Sprint DCSS version 0.21.2-1-g0862bd2 (webtiles) character file.

1200000 Fang the Fighter (level 11, -37/106 HPs)
             Began as a Demonspawn Gladiator on May 8, 2019.
             Was an Initiate of Makhleb.
             Annihilated by a meat berserker
             ... wielding a +9 battleaxe
              (52 damage)
             ... in the Dungeon (Sprint VIII: "Arena of Blood").
             The game lasted 00:00:12 (12 turns).

Fang the Fighter (Demonspawn Gladiator)               Turns: 12, Time: 00:00:12

Health: -37/106    AC:  6    Str: 18    XL:     11   Next: 71%
Magic:  11/11      EV: 21    Int: 10    God:    Makhleb [......]
Gold:   0          SH:  0    Dex: 14    Spells: 10/10 levels left

rFire    + . .     SeeInvis .   l - +∞ Axe of Woe
rCold    . . .     Gourm    .   (shield currently unavailable)
rNeg     . . .     Faith    .   b - +0 leather armour
rPois    .         Spirit   .   c - +0 helmet
rElec    .         Reflect  .   (no cloak)
rCorr    .         Harm     .   (no gloves)
MR       .....     NoTele   +   (no boots)
Stlth    +++.......             (no amulet)
HPRegen  0.27/turn              (no ring)
MPRegen  0.12/turn              (no ring)

@: no status effects
A: rugged brown scales 2, fire resistance 1, nightstalker 2
a: Renounce Religion


You were in the Dungeon.
You worshipped Makhleb.
Makhleb was noncommittal.
You were not hungry.

You visited 1 branch

Inventory:

Hand Weapons
 a - a +0 war axe
 l - the +∞ Axe of Woe (weapon)
   (You found it in the Dungeon)
Missiles
 d - 3 throwing nets (quivered)
Armour
 b - a +0 leather armour (worn)
 c - a +0 helmet (worn)
Scrolls
 k - a scroll of blinking
Potions
 e - a potion of curing
 g - a potion of heal wounds
 h - a potion of haste
 i - 2 potions of magic
 j - a potion of berserk rage
Comestibles
 f - a ration


   Skills:
 + Level 14.6 Fighting
 + Level 13.7 Axes
 + Level 13.6 Throwing
 + Level 13.7 Dodging


You had 10 spell levels left.
You didn't know any spells.

Dungeon Overview and Level Annotations

Branches:
Dungeon (1/1)

Altars:
Makhleb


Innate Abilities, Weirdness & Mutations

You are mostly covered in rugged brown scales. (AC +2, +5% HP)
Your flesh is heat resistant. (rF+)
You are significantly more attuned to the shadows.


Message History

You feel stronger.
Your demonic ancestry asserts itself...
You slip further into the darkness.
You have reached level 9!
Your experience leads to an increase in your attributes!
Increase (S)trength, (I)ntelligence, or (D)exterity?
You feel stronger.
You have reached level 10!
Your demonic ancestry asserts itself...
You feel resistant to heat.
You have reached level 11!
You hear a shout! x2
The meat berserker appears out of thin air!
A meat berserker comes into view. It is wielding a +9 battleaxe.
You hear a shout! x7
The meat berserker hits you with a +9 battleaxe!!!
Ouch! That really hurt!
* * * LOW HITPOINT WARNING * * *
You hear a shout! x4
The meat berserker hits you with a +9 battleaxe!!!
You die...

.. .. .........
#... ...# o
#... ...# .
..###...
...###..
.....o###......
......._.......
#.O@..# #_.Oo_#
#O....#
......_..o...
......###......
.O###...
...###.. . #...
...# . #...
...# .........


You could see 3 meat berserkers and 3 bags of meat.

Vanquished Creatures
  An orc (D)
1 creature vanquished.

Notes
Turn   | Place    | Note
-------+----------+-------------------------------------------
     0 | D        | Found the +∞ Axe of Woe
     0 | D        | Fang the Demonspawn Gladiator began the quest for the Orb.
     0 | D        | Reached XP level 1. HP: 16/16 MP: 1/1
     3 | D        | Noticed a bag of meat
     4 | D        | Became a worshipper of Makhleb the Destroyer
     6 | D        | Noticed a bag of meat
     6 | D        | Noticed a bag of meat
     6 | D        | Noticed a bag of meat
     7 | D        | Noticed a bag of meat
     7 | D        | Noticed a meat berserker
    10 | D        | Noticed a bag of meat
    11 | D        | Noticed a meat berserker
    12 | D        | Killed a bag of meat
    12 | D        | Reached skill level 14 in Fighting
    12 | D        | Gained mutation: You are slightly more attuned to the shadows. [demonic ancestry]
    12 | D        | Reached XP level 2. HP: 43/43 MP: 2/2
    12 | D        | Gained mutation: You are partially covered in rugged brown scales. (AC +1, +3% HP) [demonic ancestry]
    12 | D        | Reached XP level 3. HP: 43/50 MP: 3/3
    12 | D        | Gained mutation: You are mostly covered in rugged brown scales. (AC +2, +5% HP) [demonic ancestry]
    12 | D        | Reached XP level 4. HP: 43/58 MP: 4/4
    12 | D        | Reached XP level 5. HP: 48/65 MP: 5/5
    12 | D        | Reached XP level 6. HP: 53/72 MP: 6/6
    12 | D        | Reached XP level 7. HP: 57/78 MP: 7/7
    12 | D        | Gained mutation: You are significantly more attuned to the shadows. [demonic ancestry]
    12 | D        | Reached XP level 8. HP: 63/86 MP: 8/8
    12 | D        | Reached XP level 9. HP: 68/92 MP: 9/9
    12 | D        | Gained mutation: Your flesh is heat resistant. (rF+) [demonic ancestry]
    12 | D        | Reached XP level 10. HP: 73/99 MP: 10/10
    12 | D        | Reached XP level 11. HP: 78/106 MP: 11/11
    12 | D        | Annihilated by a meat berserker

Skill      XL: |  1 |
---------------+----+-----
Fighting       | 14 | 14.6
Axes           | 13 | 13.7
Throwing       | 13 | 13.6
Dodging        | 13 | 13.7

Action                   |  1- 3 |  4- 6 |  7- 9 | 10-12 || total
-------------------------+-------+-------+-------+-------++-------
Melee: Executioner's axe |     1 |       |       |       ||     1
